 Dungeon Crawl Stone Soup version 0.28.0-45-g0d030f2227 (webtiles) character file.

Game seed: 17425813805382908503

2542 issech the Basher (level 9, -6/88 HPs)
             Began as a Troll Monk on Apr 13, 2022.
             Mangled by Maggie
             ... wielding the +9 lance "Wyrmbane" {slay drac, rPois rF+ rC+ AC+3}
              (12 damage)
             ... on level 6 of the Dungeon.
             The game lasted 00:19:29 (4667 turns).

issech the Basher (Troll Monk)                      Turns: 4667, Time: 00:19:30

Health: -6/88      AC: 12    Str: 21    XL:     9   Next: 30%
Magic:  8/8        EV: 13    Int:  6    God:
Gold:   241        SH:  0    Dex: 16    Spells: 8/8 levels left

rFire   x . .      SeeInvis .   o - +0 morningstar
rCold   + + .      Faith    .   (no shield)
rNeg    . . .      Spirit   .   r - +0 ice dragon scales
rPois   .          Reflect  .   (helmet restricted)
rElec   .          Harm     .   (no cloak)
rCorr   .          Rampage  .   (gloves unavailable)
Will    .....                   (boots unavailable)
Stlth   ..........              (no amulet)
HPRegen 1.04/turn               v - ring of wizardry
MPRegen 0.11/turn               H - +4 ring of evasion

@: mesmerised
A: large, unfitting armour, claws 3, regeneration 1, shaggy fur 1, tough skin 1
a: no special abilities


You were on level 6 of the Dungeon.
You visited 1 branch of the dungeon, and saw 6 of its levels.

You collected 307 gold pieces.
You spent 66 gold pieces at shops.

Inventory:

Hand Weapons
 a - a +0 mace
 h - a +0 flail of protection
 j - a +0 whip of flaming
 o - a +0 morningstar (weapon)
 p - a +0 battleaxe
 s - a +0 giant club
 y - a +0 hunting sling
 G - a +0 dagger of electrocution
 K - the +7 dagger "Baodur" {speed, Dex+3}
   (You found it on level 5 of the Dungeon)

   Attacks with this weapon are significantly faster.
   Dex:       It affects your dexterity (+3).
Missiles
 c - 33 sling bullets
 d - 214 stones (quivered)
 f - 48 arrows
 k - 53 bolts
 n - 3 boomerangs
 F - 4 poisoned darts
 I - 8 atropa-tipped darts
Armour
 b - a +0 robe
 r - +0 ice dragon scales (worn)
Magical Staves
 i - a staff of death
Jewellery
 v - a ring of wizardry (left claw)
 D - a ring of wizardry
 H - a +4 ring of evasion (right claw)
Scrolls
 e - a scroll of enchant armour
 l - 2 scrolls of magic mapping
 m - 2 scrolls of teleportation
 t - 2 scrolls of vulnerability
 w - 2 scrolls of noise
 z - a scroll of summoning
 J - 2 scrolls of blinking
 L - a scroll of identify
Potions
 g - a potion of curing {unknown}
 q - a potion of magic {unknown}
 u - a potion of flight {unknown}
 x - a potion of might {unknown}
 A - a potion of degeneration {unknown}
 B - a potion of mutation {unknown}
 C - 2 potions of resistance {unknown}
 E - a potion of lignification {unknown}


   Skills:
 + Level 5.1 Fighting
 + Level 8.9 Maces & Flails
 + Level 1.2 Throwing
 + Level 3.6 Armour
 + Level 4.1 Dodging
 + Level 1.7 Stealth


You had 8 spell levels left.
You didn't know any spells.
Your spell library contained the following spells:

 Spells                   Type           Power      Damage    Failure   Level
 Summon Guardian Golem    Hex/Summ       0%         N/A       86%         3
 Orb of Destruction       Conj           0%         9d5       100%        7
 Spellforged Servitor     Conj/Summ      0%         N/A       100%        7


Dungeon Overview and Level Annotations

Branches:
Dungeon (6/15)
 Temple: D:4-7

Altars:
Okawaru
Xom
Yredelemnul
Zin

Shops:
D:4 *   D:6 ?

Annotations:
D:6 1 runed translucent door, Maggie; NinjaNoafa's ghost, novice DrTm


Innate Abilities, Weirdness & Mutations

You are too large for most types of armour.
You have claws for hands.
Your natural rate of healing is unusually fast.
You are covered in fur. (AC +1)
You have tough skin. (AC +1)


Message History

You throw a stone.
The stone hits Maggie but does no damage.
Maggie gestures wildly while chanting.
Maggie draws you further into her thrall.
You throw a stone.
The stone hits Maggie but does no damage.
Maggie hits you from afar with the +9 lance "Wyrmbane" {slay drac, rPois rF+ rC+ AC+3}!
You throw a stone.
The stone hits Maggie but does no damage.
Maggie casts a spell at you. The bolt of fire hits you!!
The fire burns you terribly!
Maggie hits you from afar with the +9 lance "Wyrmbane" {slay drac, rPois rF+ rC+ AC+3}.
Maggie hits you with the +9 lance "Wyrmbane" {slay drac, rPois rF+ rC+ AC+3}!
Maggie hits you with the +9 lance "Wyrmbane" {slay drac, rPois rF+ rC+ AC+3}.
You impale Maggie!!
Maggie is moderately wounded.
Maggie closely misses you.
You hit Maggie but do no damage.
Maggie is moderately wounded.
Maggie gestures at you while chanting. The bolt of fire hits you.
The fire burns you terribly!
You puncture Maggie!
Maggie is heavily wounded.
Maggie hits you with the +9 lance "Wyrmbane" {slay drac, rPois rF+ rC+ AC+3}!
You hit Maggie.
Maggie is severely wounded.
Maggie hits you with the +9 lance "Wyrmbane" {slay drac, rPois rF+ rC+ AC+3}!
* * * LOW HITPOINT WARNING * * *
You closely miss Maggie.
Maggie is severely wounded.
Maggie hits you with the +9 lance "Wyrmbane" {slay drac, rPois rF+ rC+ AC+3}!
* * * LOW HITPOINT WARNING * * *
You thump Maggie!
Maggie is almost dead.
Maggie hits you with the +9 lance "Wyrmbane" {slay drac, rPois rF+ rC+ AC+3}!
* * * LOW HITPOINT WARNING * * *
You hit Maggie.
Maggie is almost dead.
Maggie hits you with the +9 lance "Wyrmbane" {slay drac, rPois rF+ rC+ AC+3}!
You die...

# #######....##
#.###### #....# ##
###.#....####....###.
...>.................
#####....####....###.
############....#
#....# #.
................#
#....# #.
########........#
#....# #. #).@@.####
###### #. #####.(...#
## #.....#####
#....)# #.....#
#.(..(# #.....#
#[....# #.....#


You could see Maggie (mesmerising).

Vanquished Creatures
  Pikel (D:6)
  Grinder (D:6)
  A hornet (D:5)
  2 water moccasins (D:6)
  A sky beast (D:6)
  An ice beast (D:6)
  2 necrophages (D:5)
  A black bear (D:4)
  4 ogres
  A water moccasin zombie (D:5)
  2 centaur zombies
  5 hounds
  An orc priest (D:3)
  2 jellies (D:5)
  A bullfrog skeleton (D:5)
  A centaur skeleton (D:5)
  An orc wizard (D:5)
  2 iguanas (D:5)
  2 hound zombies
  2 hound skeletons (D:5)
  A howler monkey zombie (D:5)
  7 adders
  A shadow imp (D:5)
  A white imp (D:6)
  An adder skeleton (D:4)
  2 adder zombies
  3 dart slugs
  12 orcs
  9 bats
  12 endoplasms
  5 giant cockroaches
  6 goblins
  12 hobgoblins
  A jackal (D:5)
  4 kobolds
  5 quokkas
  7 ball pythons
  A frilled lizard (D:1)
  5 rats
129 creatures vanquished.

Vanquished Creatures (others)
  14 fungi (D:1)
14 creatures vanquished.

Grand Total: 143 creatures vanquished

Notes
Turn   | Place    | Note
-------+----------+-------------------------------------------
     0 | D:1      | issech the Troll Monk began the quest for the Orb.
     0 | D:1      | Reached XP level 1. HP: 22/22 MP: 0/0
    23 | D:1      | Found a faded altar of an unknown god.
   107 | D:1      | Reached XP level 2. HP: 29/29 MP: 1/1
   156 | D:1      | Reached skill level 3 in Maces & Flails
   478 | D:1      | Reached XP level 3. HP: 36/36 MP: 2/2
  1249 | D:2      | Found a shimmering altar of Xom.
  1506 | D:2      | Reached XP level 4. HP: 44/44 MP: 3/3
  1834 | D:3      | Noticed an ogre
  1840 | D:3      | Killed an ogre
  1841 | D:3      | Reached skill level 4 in Maces & Flails
  1841 | D:3      | Reached XP level 5. HP: 48/53 MP: 4/4
  2043 | D:3      | Reached skill level 1 in Throwing
  2373 | D:4      | Reached XP level 6. HP: 61/61 MP: 5/5
  2639 | D:4      | Reached skill level 5 in Maces & Flails
  2758 | D:4      | Found a glowing silver altar of Zin.
  2759 | D:4      | Found Zin's Purification Station.
  2943 | D:4      | Found a basalt altar of Yredelemnul.
  3053 | D:5      | Entered Level 5 of the Dungeon
  3060 | D:5      | Reached skill level 1 in Armour
  3174 | D:5      | Reached XP level 7. HP: 63/67 MP: 6/6
  3661 | D:5      | Reached skill level 6 in Maces & Flails
  3718 | D:5      | Noticed a hornet
  3728 | D:5      | Killed a hornet
  3729 | D:5      | Reached XP level 8. HP: 38/78 MP: 7/7
  3748 | D:5      | Identified the +7 dagger "Baodur" {speed, Dex+3}
  3858 | D:5      | Reached skill level 7 in Maces & Flails
  4123 | D:6      | Found Doimaischa's Magic Scroll Boutique.
  4126 | D:6      | Found a runed translucent door.
  4127 | D:6      | Noticed Pikel
  4144 | D:6      | Noticed Grinder
  4157 | D:6      | Killed Grinder
  4168 | D:6      | Reached skill level 8 in Maces & Flails
  4185 | D:6      | Killed Pikel
  4186 | D:6      | Reached XP level 9. HP: 69/87 MP: 8/8
  4203 | D:6      | Reached skill level 5 in Fighting
  4287 | D:6      | Noticed NinjaNoafa's ghost (novice DrTm)
  4298 | D:6      | Bought a scroll of identify for 24 gold pieces
  4298 | D:6      | Bought a scroll of magic mapping for 42 gold pieces
  4541 | D:6      | Found an iron altar of Okawaru.
  4637 | D:6      | Noticed Maggie
  4667 | D:6      | Mangled by Maggie

Illustrated notes

Levels and vault maps discovered:
D:1:      scummos_arrival_checkerplants, layout_basic, basic_ecumenical_altar
D:2:      layout_basic, basic_altar, kennysheep_generic_room_13
D:3:      layout_rooms
D:4:      layout_loops_ring, zin_purify, lemuel_zombie_altar_yredelemnul,
          item_on_display_a
D:5:      kennysheep_windowed_halls, layout_basic
D:6:      layout_basic, kennysheep_okawaru_gauntlet, serial_shops, shop,
          ebering_ghost_inner_flame, uniq_maggie, uniq_grinder,
          uniq_blork_the_orc, uniq_pikel

Skill      XL: |  1  2  3  4  5  6  7  8  9 |
---------------+----------------------------+-----
Maces & Flails | 3 4 5 6 8 |  8.9
Dodging        | 3 4 |  4.1
Fighting       | 3 4 5 |  5.1
Throwing       | 1 |  1.2
Armour         | 1 2 3 |  3.6
Stealth        | |  1.7

Action                   |  1- 3 |  4- 6 |  7- 9 || total
-------------------------+-------+-------+-------++-------
Melee: Mace              |   131 |     5 |       ||   136
       Morningstar       |       |   147 |   211 ||   358
       Punch             |       |     2 |     7 ||     9
Throw: Stone             |    56 |    15 |    22 ||    93
  Use: Scroll            |       |       |     9 ||     9
 Stab: Sleeping          |     2 |       |       ||     2
Armor: Robe              |    68 |    17 |       ||    85
       Ice dragon scales |       |   123 |   107 ||   230
Dodge: Dodged            |   117 |    94 |   133 ||   344
